cohdb
Replays
Latest Replays
All Replays
Popular Replays
Top Player Replays
Match Explorer
How It Works
Community
CoH3 Stats
Reddit
Sign in to upload your games and track your stats! →
Sign in with Steam
Match 42111019
Unlisted
Match 42111019
Overview
Messages
Build Orders
End
Kradschützen Motorcycle Team
Panzergrenadier Squad
Panzergrenadier Squad
Construct Light Support Kompanie
Fire Support Elements
Panzergrenadier Squad
2.5-tonne Medical Truck
Selects Battlefield Espionage Battlegroup
Selects Intel Disruption Beacon
Selects Transfer Depots
Veteran Squad Leaders
Panzergrenadier Squad
Selects 250/3 Funkpanzerwagen
Kradschützen Motorcycle Team
Construct Panzerarmee Kommand
Selects Firestorm
Firestorm
Walking Stuka Rocket Launcher
Assault Mechanized Group
Walking Stuka Rocket Launcher
Selects Advanced Ambush Training
Firestorm
Emergency Repair Kits
Flak 36 Anti-tank Gun Team
Armored Reserves
Selects Operation Skorpion
Vehicle Survival Package
Panzerpioneer Squad
[HAN]Diederick Kastner
DrEvil85
Hawkkinson
MBT.Gest
MisterHarvey[CC]
General Idea
Dave
TEACHER701
0
0
Comments
sign in to comment!
No comments posted yet!